 Dungeon Crawl Stone Soup version 0.31-a0-1074-g0b22e4e0f1 (webtiles) character file.

Game seed: 7549282840038111222

79 grandjackal the Slasher (level 4, -2/34 HPs)
             Began as a Demonspawn Gladiator on Nov 29, 2023.
             Slain by Sigmund
             ... wielding a +0 scythe
              (7 damage)
             ... on level 2 of the Dungeon.
             The game lasted 00:01:19 (1010 turns).

grandjackal the Slasher (Demonspawn Gladiator)      Turns: 1010, Time: 00:01:20

Health: -2/34      AC:  4    Str: 12 (14) XL:     4   Next: 17%
Magic:  4/4        EV: 12    Int:  9 (10) God:
Gold:   89         SH:  0    Dex: 14 (16) Spells: 3/3 levels left

rFire   . . .        a - +0 long sword
rCold   . . .        (no shield)
rNeg    . . .        b - +0 leather armour
rPois   .            c - +0 helmet
rElec   .            (no cloak)
rCorr   .            (no gloves)
SInv    .            (no boots)
Will    .....        (no amulet)
Stlth   +            (no ring)
HPRegen 0.25/turn    (no ring)
MPRegen 0.09/turn

%: no passive effects
@: attractive
A: powered by pain 1, demonic magic 1
a: no special abilities


You were on level 2 of the Dungeon.
You visited 1 branch of the dungeon, and saw 2 of its levels.

You collected 89 gold pieces.

Inventory:

Hand Weapons
 a - a +0 long sword (weapon)
Missiles
 e - a javelin
Armour
 b - a +0 leather armour (worn)
 c - a +0 helmet (worn)
Jewellery
 i - an amulet of faith
Scrolls
 f - 2 scrolls of poison {unknown}
 g - 2 scrolls of enchant weapon {unknown}
 j - a scroll of identify {unknown}


   Skills:
 + Level 2.9 Fighting
 + Level 3.3 Long Blades
 - Level 2.1 Throwing
 + Level 3.3 Dodging


You had 3 spell levels left.
You didn't know any spells.
Your spell library was empty.

Dungeon Overview and Level Annotations

Branches:
Dungeon (2/15)

Altars:

Annotations:
D:2 Sigmund


Innate Abilities, Weirdness & Mutations

You sometimes gain a little power by taking damage.
Spells you cast may paralyse adjacent enemies.


Message History

The ball python bites you but does no damage.
The ball python constricts you.
The ball python bites you but does no damage.
The ball python constricts you. Sigmund hits you with a +0 scythe.
You slash the ball python!
You kill the ball python!
Sigmund gestures at you while chanting.
You are confused.
You closely miss Sigmund.
Sigmund is heavily wounded.
Sigmund hits you with a +0 scythe.
It was a potion of attraction.
You feel attractive to monsters.
It was a potion of degeneration.
There was something very wrong with that liquid.
You feel weakened.
You feel dopey.
You feel clumsy. Sigmund closely misses you.
Sigmund hits you from afar with a +0 scythe!
* * * LOW HITPOINT WARNING * * *
Sigmund is attracted toward you.
You feel less confused. Sigmund closely misses you.
Sigmund is attracted toward you.
Throw: 3 throwing nets
Press: ? - help, Q - select action, (/) - cycle Shift-Dir - straight line, f - Sigmund
Aim: Sigmund, wielding a +0 scythe and wearing a +0 robe (heavily wounded, 53% to hit)
You throw a throwing net. The throwing net barely misses Sigmund.
Sigmund barely misses you.
Unknown command.
Throw: 2 throwing nets
Press: ? - help, Q - select action, (/) - cycle Shift-Dir - straight line, f/p - Sigmund
Aim: Sigmund, wielding a +0 scythe and wearing a +0 robe (heavily wounded, 53% to hit)
You throw a throwing net.
The throwing net closely misses Sigmund.
Throw: throwing net
Press: ? - help, Q - select action, (/) - cycle Shift-Dir - straight line, f/p - Sigmund
Aim: Sigmund, wielding a +0 scythe and wearing a +0 robe (heavily wounded, 53% to hit)
You throw a throwing net. The throwing net barely misses Sigmund.
Sigmund hits you with a +0 scythe!
You die...
Sigmund begins carving another notch in his scythe.

...................<.....
#.#..........#...#..#....
#................#).)....
##.#............<.#..#....
#......†.#........#.)#....
##.#.................#....
#............#...........
#.#.....#............. ..
#(.....@@..).#...##.#....
#......§......#... ......
####.#...†.##.#... .....#.
#.#...)....... #.# .#.
#.............
......#......
##.##..#...... #.
#..#...... # #..####+#.


You could see Sigmund.

Vanquished Creatures
  Jessica (D:2)
  An adder (D:2)
  A worm (D:1)
  A dart slug (D:1)
  4 endoplasms (D:1)
  2 giant cockroaches (D:2)
  6 goblins
  5 hobgoblins
  3 quokkas
  3 ball pythons
  A bat (D:1)
  A frilled lizard (D:2)
  4 kobolds
  5 rats
38 creatures vanquished.

Notes
Turn   | Place    | Note
-------+----------+-------------------------------------------
     0 | D:1      | grandjackal the Demonspawn Gladiator began the quest for
                  | the Orb.
     0 | D:1      | Reached XP level 1. HP: 16/16 MP: 1/1
   292 | D:1      | Gained mutation: You sometimes gain a little power by
                  | taking damage. [demonic ancestry]
   292 | D:1      | Reached XP level 2. HP: 17/22 MP: 2/2
   434 | D:1      | Found a faded altar of an unknown god.
   697 | D:1      | Reached XP level 3. HP: 28/28 MP: 3/3
   752 | D:2      | Noticed Jessica
   756 | D:2      | Killed Jessica
   893 | D:2      | Gained mutation: Spells you cast may paralyse adjacent
                  | enemies. [demonic ancestry]
   893 | D:2      | Reached XP level 4. HP: 34/34 MP: 4/4
   990 | D:2      | Noticed Sigmund
  1010 | D:2      | Slain by Sigmund

Illustrated notes

Levels and vault maps discovered:
D:1:      matt_arrival_los_fun, layout_loops_ring,
          chequers_ecumenical_altar_island, nicolae_wormholes
D:2:      layout_basic, uniq_jessica, uniq_sigmund, uniq_crazy_yiuf_cottage

Skill      XL: |  1  2 |
---------------+-------+-----
Throwing       | 2 |  2.1
Long Blades    | 3 |  3.3
Dodging        | 3 |  3.3
Fighting       | |  2.9

Action                     |  1- 3 |  4- 6 || total
---------------------------+-------+-------++-------
  Melee: Long sword        |    78 |    12 ||    90
         Punch             |     1 |     1 ||     2
  Throw: Throwing net      |       |     3 ||     3
    Use: Potion            |       |     2 ||     2
   Stab: Sleeping          |     1 |       ||     1
 Armour: Leather armour    |    43 |    12 ||    55
  Dodge: Dodged            |    53 |    12 ||    65

Table legend: (Time is in decaauts)
 A = Elapsed time spent in this place.
 B = Non-inter-level travel time spent in this place.
 C = Inter-level travel time spent in this place.
 D = Time resting spent in this place.
 E = Time spent auto-exploring this place.
 F = Levels seen in this place.
 G = Mean time per level.
                   A        B        C        D        E       F      G
               +--------+--------+--------+--------+--------+-----+--------+
         Total |   1038 |   1008 |     30 |    128 |    633 |   2 |  519.0 |
       Dungeon |   1038 |   1008 |     30 |    128 |    633 |   2 |  519.0 |
               +--------+--------+--------+--------+--------+-----+--------+

Top non-repeatable levels by time:
     D:1: 772 daAuts
     D:2: 265 daAuts
